 Dungeon Crawl Stone Soup version 0.19-a0-36-g4a0968a (webtiles) character file.

243 protoss039 the Shield-Bearer (level 6, -4/48 HPs)
             Began as a Human Fighter on May 4, 2016.
             Killed by nerve-wracking pain
             ... invoked by Menkaure
              (9 damage)
             ... on level 4 of the Dungeon.
             The game lasted 00:20:44 (2601 turns).

protoss039 the Shield-Bearer (Human Fighter)        Turns: 2601, Time: 00:20:45

Health: -4/48      AC:  9    Str: 19    XL:     6   Next: 31%
Magic:  6/6        EV:  6    Int:  8    God:
Gold:   194        SH:  9    Dex: 12    Spells: 0 memorised, 5 levels left

rFire  . . .     SeeInvis .     w - -3 broad axe (curse)
rCold  + . .     Gourm    .     q - +0 chain mail
rNeg   + . .     Faith    .     b - +0 shield
rPois  .         Spirit   .     (no helmet)
rElec  .         Dismiss  .     (no cloak)
rCorr  .         Reflect  .     (no gloves)
SustAt .         Harm     .     (no boots)
MR     .....                    (no amulet)
Stlth  ..........               v - ring of protection from cold
                                p - ring of positive energy

@: not resistant to hostile enchantments, extremely unstealthy
A: no striking features
a: no special abilities


You were on level 4 of the Dungeon.
You were full.

You visited 1 branch of the dungeon, and saw 4 of its levels.

You collected 194 gold pieces.

Inventory:

Hand Weapons
 i - a +2 spear of distortion
 w - a cursed -3 broad axe (weapon)
Armour
 b - a +0 shield (worn)
 q - a +0 chain mail (worn)
Jewellery
 p - a ring of positive energy (left hand)
 v - a ring of protection from cold (right hand)
Scrolls
 j - 2 scrolls of remove curse
 m - 2 scrolls of enchant armour
 t - a scroll of identify
Potions
 a - a potion of degeneration {unknown}
 c - a potion of might
 e - a potion of berserk rage
 f - a potion of cancellation {unknown}
 k - 2 potions of cure mutation {unknown}
 l - 2 potions of haste {unknown}
 o - a potion of flight {unknown}
 r - a potion of curing {unknown}
 s - 2 potions of heal wounds {unknown}
 u - a potion of magic {unknown}
Comestibles
 g - 2 slices of pizza
 n - a meat ration


   Skills:
 + Level 4.0 Fighting
 + Level 1.3 Polearms
 + Level 4.0 Armour
 + Level 1.4 Dodging
 + Level 0.4 Stealth
 + Level 4.6 Shields
 + Level 2.1 Unarmed Combat


You had 5 spell levels left.
You didn't know any spells.

Dungeon Overview and Level Annotations

Branches:
Dungeon (4/15)
 Temple: D:4-7

Altars:

Annotations:
D:4 Menkaure


Message History

Menkaure points at you and mumbles some strange words.
Pain shoots through your body!
Menkaure calls on the powers of darkness!
Your body is wracked with pain!
All of the chunks of flesh in your inventory have rotted away.
Menkaure casts a spell at you. Pain shoots through your body!
* * * LOW HITPOINT WARNING * * *
Menkaure casts a spell at you. Pain shoots through your body!
* * * LOW HITPOINT WARNING * * *
Menkaure calls on the powers of darkness!
You feel a surge of unholy energy.
There is an open door here.
Menkaure gestures wildly while chanting.
Menkaure seems to speed up.
There is an open door here.
Menkaure points at you and mumbles some strange words.
Pain shoots through your body!
You die...

#....##...###...##
##....##...####### #.....
#...........# #.....
#...........# .....
#...........# #..#
#######...####'##
#..####...###...####.#### .
#..........#.......'....#
...#..........#.@.....#....#
...#.......M..'.......#....+
...#..........#......###..##
...####'##....######## #.#
.........#'#### ..
.........#....# #..
###....M.#........ ...
#......#........ #.#
#......#....#### #.#. .#


You could see Menkaure.

Vanquished Creatures
  The ghost of protoss039 the Shield-Bearer, an amateur HuFi of Okawaru (D:3)
  2 adders
  2 worms
  3 dart slugs
  3 giant geckos (D:1)
  7 orcs
  9 bats
  3 giant cockroaches
  7 hobgoblins
  A jackal (D:1)
  7 kobolds
  2 quokkas
  2 giant newts
  4 goblins
  2 rats
55 creatures vanquished.

Vanquished Creatures (others)
  An adder (D:2)
  A worm (D:2)
  A giant gecko (D:2)
  2 orcs
5 creatures vanquished.

Grand Total: 60 creatures vanquished

Notes
Turn   | Place    | Note
--------------------------------------------------------------
     0 | D:1      | protoss039 the Human Fighter began the quest for the Orb.
     0 | D:1      | Reached XP level 1. HP: 18/18 MP: 1/1
   232 | D:1      | Reached XP level 2. HP: 24/24 MP: 2/2
   600 | D:2      | Reached XP level 3. HP: 29/29 MP: 3/3
   766 | D:2      | Reached XP level 4. HP: 28/35 MP: 4/4
  1318 | D:3      | Noticed protoss039's ghost (amateur HuFi)
  1500 | D:3      | Killed protoss039's ghost
  1500 | D:3      | Reached skill level 1 in Polearms
  1500 | D:3      | Reached skill level 1 in Dodging
  1500 | D:3      | Reached XP level 5. HP: 35/42 MP: 5/5
  1500 | D:3      | Reached XP level 6. HP: 40/48 MP: 6/6
  2535 | D:4      | Noticed Menkaure
  2584 | D:4      | HP: 2/48 [Menkaure/nerve-wracking pain (7)]
  2601 | D:4      | Killed from afar by Menkaure

Vault maps used:
D:1:      dpeg_arrival_court
D:4:      minmay_misc_feat_alley, uniq_menkaure

Skill      XL: |  1  2  3  4  5  6 |
---------------+-------------------+-----
Polearms       | 1 |  1.3
Dodging        | 1 |  1.4
Shields        | 4 |  4.6
Fighting       | 4 |  4.0
Armour         | 4 |  4.0
Stealth        | |  0.4
Unarmed Combat | |  2.1

Action                   |  1- 3 |  4- 6 || total
-------------------------+-------+-------++-------
Melee: Spear             |    60 |    89 ||   149
       Broad axe         |       |    10 ||    10
  Use: Scroll            |     4 |     4 ||     8
       Potion            |       |     1 ||     1
  Eat: Chunk             |       |     5 ||     5
       Bread ration      |       |     1 ||     1
Armor: Scale mail        |     8 |       ||     8
       Chain mail        |    10 |    59 ||    69
Dodge: Dodged            |    10 |    21 ||    31
Block: Shield            |    27 |    58 ||    85
